 Dungeon Crawl Stone Soup version 0.29.1-13-g9f3cf754e1 (webtiles) character file.

Game seed: 8215868903387405977

26401 cowcol the Tortoise (level 12, 0/92 HPs)
             Began as a Minotaur Monk on Feb 2, 2023.
             Was an Elder of Hepliaklqana.
             Slain by a death knight
             ... wielding a +0 battleaxe
              (16 damage)
             ... on level 13 of the Dungeon on Feb 3, 2023.
             The game lasted 01:07:37 (19430 turns).

cowcol the Tortoise (Minotaur Monk)                Turns: 19430, Time: 01:07:37

Health: 0/92       AC: 27    Str: 22    XL:     12   Next: 98%
Magic:  13/13      EV: 13    Int: 13    God:    Hepliaklqana [****..]
Gold:   265        SH:  0    Dex: 15    Spells: 11/11 levels left

rFire   + . .      SeeInvis .   V - +5 scimitar (flame)
rCold   . . .      Faith    .   (no shield)
rNeg    . . .      Spirit   .   G - +0 plate armour
rPois   .          Reflect  .   (helmet restricted)
rElec   .          Harm     .   O - +1 cloak
rCorr   .          Rampage  .   H - +2 pair of gloves
Will    .....                   h - +2 pair of boots
Stlth   ..........              v - amulet of regeneration
HPRegen 1.05/turn               b - ring of Kuisumib {rF+ Str+3 Int+6}
MPRegen 0.13/turn               N - +4 ring of evasion

@: studying Maces & Flails
A: reduced essence, horns 2, retaliatory headbutt, high MP 1, mutation
resistance 1, noise suppression
a: Renounce Religion, Recall Ancestor, Ancestor Identity, Transference, Idealise


You were on level 13 of the Dungeon.
You worshipped Hepliaklqana.
Hepliaklqana was greatly pleased with you.
You visited 2 branches of the dungeon, and saw 15 of its levels.

You collected 948 gold pieces.
You spent 683 gold pieces at shops.

Inventory:

Hand Weapons
 a - a +2 hand axe of flaming
 n - a +0 morningstar
 q - a +4 hand axe
 V - a +5 scimitar of flaming (weapon)
 W - a +0 broad axe
Missiles
 u - 25 poisoned darts
 I - 3 javelins (quivered)
Armour
 e - +0 acid dragon scales
 h - a +2 pair of boots (worn)
 A - the +0 ring mail of Wariness {rElec Str+5 Dex-5 SInv}
   (You found it on level 4 of the Dungeon)

   Str:       It affects your strength (+5).
   Dex:       It affects your dexterity (-5).
   rElec:     It insulates you from electricity.
   SInv:      It lets you see invisible.
 D - a +1 leather armour of fire resistance
 G - a +0 plate armour (worn)
 H - a +2 pair of gloves (worn)
 O - a +1 cloak (worn)
Jewellery
 b - the ring of Kuisumib (left hand) {rF+ Str+3 Int+6}
   (You took it off an efreet on level 13 of the Dungeon)

   [ring of intelligence]

   Str:       It affects your strength (+3).
   Int:       It affects your intelligence (+6).
   rF:        It protects you from fire.
 d - the ring "Vehe" {rF+ rN+ Will++ Str+4 Int-4}
   (You took it off an ogre mage on level 13 of the Dungeon)

   [ring of protection from fire]

   Str:       It affects your strength (+4).
   Int:       It affects your intelligence (-4).
   rF:        It protects you from fire.
   rN:        It protects you from negative energy.
   Will:      It greatly increases your willpower.
 f - the ring "Vawus" {Fly Dex+4}
   (You found it on level 13 of the Dungeon)

   [ring of flight]

   Dex:       It affects your dexterity (+4).
   Fly:       It grants you flight.
 j - a ring of resist corrosion
 m - a ring of magical power
 v - an amulet of regeneration (around neck)
 w - a ring of fire
 M - a ring of wizardry
 N - a +4 ring of evasion (right hand)
 Q - an amulet of the acrobat
 T - the ring "Waemer" {*Corrode +Blink rN+ Will+ Int+3}
   (You found it on level 13 of the Dungeon)

   [ring of willpower]

   Int:       It affects your intelligence (+3).
   rN:        It protects you from negative energy.
   +Blink:    It lets you blink.
   *Corrode:  It may corrode you when you take damage.
   Will:      It increases your willpower.
 Z - an amulet of reflection
Wands
 x - a wand of charming (23)
 K - a wand of mindburst (5)
 X - a wand of flame (17)
 Y - a wand of iceblast (18)
Scrolls
 g - 3 scrolls of vulnerability
 i - 2 scrolls of magic mapping
 o - a scroll of noise {unknown}
 r - a scroll of poison
 t - a scroll of blinking {unknown}
 y - 6 scrolls of teleportation
 R - a scroll of amnesia
Potions
 c - 3 potions of mutation
 k - 2 potions of brilliance
 l - 2 potions of magic
 s - 4 potions of curing
 z - 4 potions of ambrosia
 B - a potion of lignification
 C - a potion of resistance {unknown}
 E - a potion of might {unknown}
 J - 3 potions of flight
 P - 4 potions of attraction
 U - 2 potions of berserk rage {unknown}
Miscellaneous
 F - a phantom mirror
 S - a lightning rod (4/4)


   Skills:
 + Level 8.4 Fighting
 * Level 14.3 Long Blades
 + Level 8.9(11.4) Axes
 * Level 11.3(12.5) Maces & Flails
 - Level 1.3 Throwing
 * Level 16.0 Armour
 + Level 5.0 Dodging
 - Level 3.0 Stealth
 + Level 1.3 Invocations
 + Level 1.1 Evocations


You had 11 spell levels left.
You didn't know any spells.
Your spell library contained the following spells:

 Spells                   Type           Power      Damage    Failure   Level
 Apportation              Tloc           0%         N/A       95%         1
 Poisonous Vapours        Pois/Air       0%         N/A       99%         2
 Conjure Flame            Conj/Fire      0%         6-21      100%        3
 Dazzling Flash           Conj/Hex       0%         N/A       100%        3
 Ignite Poison            Fire/Tmut/Pois 0%         N/A       100%        3
 Stone Arrow              Conj/Erth      0%         3d7       100%        3
 Animate Armour           Summ/Erth      0%         N/A       100%        4
 Corpse Rot               Necr/Pois/Air  0%         N/A       100%        4
 Iskenderun's Mystic Bla  Conj/Tloc      0%         2d3       100%        4
 Sticky Flame             Conj/Fire      0%         2d3       100%        4
 Agony                    Necr           0%         N/A       100%        5
 Alistair's Intoxication  Tmut/Pois      0%         N/A       100%        5
 Silence                  Hex/Air        0%         N/A       100%        5
 Starburst                Conj/Fire      0%         6d3       100%        6
 Lehudib's Crystal Spear  Conj/Erth      0%         10d2      100%        8


Dungeon Overview and Level Annotations

Branches:
Dungeon (14/15)            Temple (1/1) D:6             Orc (0/2) D:10
   Lair: D:8-11      Vaults: D:13-14

Altars:
Ashenzari
Cheibriados
Dithmenos
Elyvilon
Fedhas
Gozag
Hepliaklqana
Kikubaaqudgha
Makhleb
Qazlal
Ru
Sif Muna
Trog
Uskayaw
Vehumet
Wu Jian
Xom
Zin
The Shining One
Jiyva

Shops:
D:1 *   D:6 *   D:10 ?:

Portals:
Trove: D:13 (give 20 potions of curing)

Annotations:
D:6 2 transporters, cowcol's ghost, novice MiMo
D:10 3 runed translucent doors, fitz's ghost, journeyman HOFi
D:11 2 transporters, SirLogeyBear's ghost, journeyman HOBe


Innate Abilities, Weirdness & Mutations

Your life essence is reduced to manifest your ancestor. (-10% HP)
You have a pair of horns on your head.
You reflexively headbutt those who attack you in melee.
You have an increased reservoir of magic. (+10% MP)
You are somewhat resistant to further mutation.
You passively dampen the noise of your surroundings.


Message History

The death knight reflects your damage back at you!
You hit the death knight but do no damage.
Your headbutt misses the death knight.
You punch the death knight, but do no damage.
The death knight is heavily wounded.
The death knight completely misses you.
You slash the death knight! You burn the death knight.
You headbutt the death knight.
The death knight is severely wounded.
The death knight reflects your damage back at you!
The death knight hits you but does no damage.
You slash the death knight! You burn the death knight.
You headbutt the death knight.
The death knight is almost dead.
The death knight reflects your damage back at you!
* * * LOW HITPOINT WARNING * * *
You feel better.
The death knight calls down the wrath of Yredelemnul upon you.
Your body is wracked with pain!
* * * LOW HITPOINT WARNING * * *
You completely miss the death knight.
The death knight is severely wounded.
The death knight hits you with a +0 battleaxe.
* * * LOW HITPOINT WARNING * * *
You hit the death knight. You burn the death knight.
You headbutt the death knight.
The death knight is almost dead.
The death knight reflects your damage back at you!
* * * LOW HITPOINT WARNING * * *
The death knight hits you with a +0 battleaxe.
* * * LOW HITPOINT WARNING * * *
You feel better.
The death knight's dark mirror aura disappears.
The death knight hits you with a +0 battleaxe!
* * * LOW HITPOINT WARNING * * *
Okay, then.
As you read the scroll of summoning, it crumbles to dust.
Wisps of shadow whirl around you...
The death knight hits you with a +0 battleaxe!
You die...

##....# #.#...###...#.##.#.
#..)####.#.###...#.#.#.#.#
#######.#).)##.#..)..#.#.#.#.###
##..u....###..#...###...#.#.#.#.#
#..####### ##c##....###...#.##.#.
...# #J.#......###...#.#.# .[.#
##cJ#.......###...#♣. ...##
##C##........###.... ....#
#c@pW.....>...###♣. ....#
########....#...### #...####
##.........# ##.....##
#####...#.. ##.....# ##....#
##..#.# ##.#.. #..#.### #.###
#..#...### #.... ##..##...##
####.


You could see a death knight (ally target), a freezing wraith, 2 friendly slime
creatures, 2 friendly centaur warriors, a friendly cyclops (summoned) and a
friendly centaur (summoned).

Vanquished Creatures
  Jorgrun (D:12)
  Kirke (D:12)
  2 boulder beetles
  2 centaur warriors (D:13)
  A two-headed ogre (shapeshifter) (D:13)
  2 two-headed ogres
  A skeletal warrior (D:14)
  A manticore (D:13)
  A cyclops (D:11)
  A guardian serpent (shapeshifter) (D:13)
  A black mamba (shapeshifter) (D:13)
  An efreet (D:13)
  A freezing wraith (D:14)
  A komodo dragon (D:11)
  A queen bee (shapeshifter) (D:13)
  2 meliai (D:14)
  5 hogs (D:12)
  5 wraiths (D:11)
  15 yaks
  2 vampire mosquitoes (D:12)
  An acid dragon (D:13)
  A harpy simulacrum (D:13)
  A water moccasin (D:5)
  3 ice beasts
  3 orc warriors (D:10)
  An ogre (D:4)
  4 centaurs
  A phantom (D:5)
  3 kobold brigands
  The ghost of BeingJoeMalik the Caller, an amateur TeSu of Okawaru (D:3)
  A gnoll sergeant (D:6)
  A scorpion (D:6)
  6 killer bees (D:8)
  3 howler monkeys
  2 crimson imps (D:11)
  7 hounds
  2 jellies
  6 orc priests
  2 gnoll boudas
  5 iguanas
  4 orc wizards
  32 gnolls
  16 adders
  4 shadow imps
  3 white imps
  2 worms (D:2)
  7 dart slugs
  30 orcs
  13 ball pythons
  12 bats
  9 endoplasms
  2 giant cockroaches (D:5)
  9 goblins
  10 hobgoblins
  2 jackals (D:1)
  39 kobolds
  4 quokkas
  5 frilled lizards
  8 rats
312 creatures vanquished.

Vanquished Creatures (collateral kills)
  A very ugly thing (D:12)
  Josephine (D:11)
  An ogre mage (D:13)
  A two-headed ogre (D:8)
  Erica (D:8)
  Pikel (D:8)
  A cyclops (D:12)
  A gargoyle (D:12)
  3 kobold demonologists
  Psyche (D:8)
  A meliai (D:14)
  A troll (D:13)
  A vampire (D:10)
  A shadow (D:9)
  6 yaks
  A steam dragon (D:9)
  4 vampire mosquitoes (D:12)
  A black bear (D:7)
  4 orc warriors
  3 centaurs (D:9)
  2 lemures (D:8)
  2 kobold brigands
  2 bullfrogs (D:7)
  A necrophage (D:7)
  2 gnoll sergeants (D:8)
  4 killer bees (D:10)
  2 howler monkeys (D:9)
  4 crimson imps (D:11)
  2 orc priests (D:8)
  An iguana (D:7)
  6 orc wizards
  10 gnolls
  A shadow imp (D:8)
  27 orcs
  13 kobolds
114 creatures vanquished.

Vanquished Creatures (others)
  A human (D:12)
  An acid dragon (D:11)
  18 battlemagi
  47 plants
67 creatures vanquished.

Grand Total: 493 creatures vanquished

Notes
Turn   | Place    | Note
-------+----------+-------------------------------------------
     0 | D:1      | cowcol the Minotaur Monk began the quest for the Orb.
     0 | D:1      | Reached XP level 1. HP: 19/19 MP: 0/0
    94 | D:1      | Found Pufich's Assorted Antiques.
   167 | D:1      | Reached XP level 2. HP: 27/27 MP: 1/1
   359 | D:1      | Reached skill level 1 in Armour
   545 | D:1      | Reached XP level 3. HP: 33/33 MP: 2/2
  1707 | D:2      | Reached XP level 4. HP: 41/41 MP: 3/3
  1714 | D:2      | Reached skill level 2 in Armour
  2572 | D:3      | Found a broken altar of Ashenzari.
  2586 | D:3      | Found a stormy altar of Qazlal.
  2601 | D:3      | Found a sacrificial altar of Ru.
  2646 | D:3      | Found a transporter.
  2690 | D:3      | Found a faded altar of an unknown god.
  2904 | D:3      | Found a transporter.
  2915 | D:3      | Noticed BeingJoeMalik's ghost (amateur TeSu)
  2926 | D:3      | Reached skill level 5 in Axes
  2926 | D:3      | Reached skill level 3 in Armour
  2926 | D:3      | Reached XP level 5. HP: 47/47 MP: 4/4
  3157 | D:3      | Reached skill level 4 in Armour
  3481 | D:3      | Found a bloodstained altar of Trog.
  3506 | D:3      | Found a shimmering blue altar of Sif Muna.
  4433 | D:3      | Reached XP level 6. HP: 33/53 MP: 5/5
  4605 | D:3      | Reached skill level 5 in Armour
  4894 | D:3      | Reached skill level 1 in Long Blades
  5234 | D:3      | Gained mutation: You passively dampen the noise of your
                  | surroundings. [potion of mutation]
  5234 | D:3      | Gained mutation: You have an increased reservoir of magic.
                  | (+10% MP) [potion of mutation]
  5234 | D:3      | Gained mutation: You are somewhat resistant to further
                  | mutation. [potion of mutation]
  5271 | D:3      | Killed BeingJoeMalik's ghost
  5272 | D:3      | Reached XP level 7. HP: 58/60 MP: 6/6
  5277 | D:3      | Reached skill level 1 in Throwing
  5854 | D:4      | Reached skill level 5 in Fighting
  5854 | D:4      | Reached skill level 6 in Armour
  5954 | D:4      | Found an ornate altar of the Wu Jian Council.
  6088 | D:4      | Identified the +0 ring mail of Wariness {rElec Str+5 Dex-5
                  | SInv}
  6373 | D:5      | Entered Level 5 of the Dungeon
  6632 | D:5      | Reached skill level 7 in Armour
  6632 | D:5      | Reached XP level 8. HP: 20/68 MP: 7/7
  7729 | D:6      | Reached skill level 8 in Armour
  8495 | D:6      | Found Voxzuc's Lightly-Used Armoury.
  8709 | D:6      | Found a staircase to the Ecumenical Temple.
  8717 | Temple   | Entered the Ecumenical Temple
  8736 | Temple   | Became a worshipper of Hepliaklqana the Forgotten
  8736 | Temple   | Reached * piety under Hepliaklqana
  8736 | Temple   | Reached ** piety under Hepliaklqana
  8737 | Temple   | Remembered your ancestor Cuetlachtli as a battlemage
  8801 | D:6      | Reached skill level 9 in Armour
  8845 | D:6      | Bought a -2 triple crossbow for 1 gold piece
  8971 | D:6      | Reached XP level 9. HP: 61/67 MP: 8/8
  9075 | D:6      | Noticed cowcol's ghost (novice MiMo)
  9077 | D:6      | Found a transporter.
  9079 | D:6      | Found a transporter.
  9271 | D:7      | Reached skill level 1 in Maces & Flails
  9711 | D:7      | Reached skill level 5 in Long Blades
  9711 | D:7      | Reached skill level 10 in Armour
  9878 | D:7      | Found an opulent altar of Gozag.
 10038 | D:8      | Noticed Erica
 10047 | D:8      | Killed Erica
 10074 | D:8      | Reached skill level 11 in Armour
 10203 | D:8      | Noticed Pikel
 10223 | D:8      | Killed Pikel
 10224 | D:8      | Reached skill level 5 in Maces & Flails
 10224 | D:8      | Reached XP level 10. HP: 47/74 MP: 10/10
 10746 | D:8      | Reached skill level 12 in Armour
 11221 | D:8      | Noticed a two-headed ogre
 11229 | D:8      | Killed a two-headed ogre
 11411 | D:8      | Noticed Psyche
 11417 | D:8      | Killed Psyche
 11519 | D:8      | Reached *** piety under Hepliaklqana
 12908 | D:9      | Reached skill level 13 in Armour
 13339 | D:10     | Entered Level 10 of the Dungeon
 13475 | D:10     | Found a staircase to the Orcish Mines.
 13531 | D:10     | Found Zin's Purification Station.
 13531 | D:10     | Found a glowing silver altar of Zin.
 13690 | D:10     | Reached **** piety under Hepliaklqana
 13692 | D:10     | Found Diewom's Tremendous Tomes.
 13933 | D:10     | Reached XP level 11. HP: 81/81 MP: 11/11
 13973 | D:10     | Found a shadowy altar of Dithmenos.
 14023 | D:10     | Found Imetoeh's Magic Scroll Emporium.
 14029 | D:10     | Bought a scroll of identify for 26 gold pieces
 14029 | D:10     | Bought a scroll of identify for 26 gold pieces
 14029 | D:10     | Bought a scroll of identify for 26 gold pieces
 14029 | D:10     | Bought a scroll of identify for 26 gold pieces
 14029 | D:10     | Bought a scroll of magic mapping for 97 gold pieces
 14236 | D:10     | Found a runed translucent gate.
 14236 | D:10     | Found a runed translucent gate.
 14239 | D:10     | Found a runed translucent gate.
 14240 | D:10     | Noticed fitz's ghost (journeyman HOFi)
 14240 | D:10     | Noticed a great orb of eyes
 14338 | D:10     | Found a viscous altar of Jiyva.
 14831 | D:11     | Noticed a white ugly thing
 14838 | D:11     | Noticed a centaur warrior
 14846 | D:11     | Noticed a deep elf pyromancer
 14847 | D:11     | Noticed a centaur warrior
 14849 | D:11     | Noticed a boulder beetle
 14852 | D:11     | Noticed a boulder beetle
 14868 | D:11     | Found a transporter.
 14881 | D:11     | Found a transporter.
 14882 | D:11     | Noticed SirLogeyBear's ghost (journeyman HOBe)
 15271 | D:11     | Reached skill level 10 in Long Blades
 15279 | D:11     | Noticed Josephine
 15302 | D:11     | Killed Josephine
 16287 | D:12     | Reached skill level 14 in Armour
 16408 | D:12     | Noticed a boulder beetle
 16447 | D:12     | Killed a boulder beetle
 16529 | D:12     | Noticed Kirke
 16549 | D:12     | Killed Kirke
 16671 | D:12     | Reached XP level 12. HP: 90/90 MP: 12/12
 16834 | D:12     | Noticed a two-headed ogre
 16834 | D:12     | Noticed Jorgrun
 17010 | D:10     | Bought 2 scrolls of summoning for 247 gold pieces
 17069 | D:12     | Killed a two-headed ogre
 17089 | D:12     | Killed Jorgrun
 17802 | D:13     | Reached skill level 10 in Maces & Flails
 17822 | D:13     | Noticed a boulder beetle
 17835 | D:13     | Found a portal to a secret trove of treasure.
 17850 | D:13     | Killed a boulder beetle
 17851 | D:13     | Reached skill level 15 in Armour
 17987 | D:10     | Bought 2 potions of curing for 180 gold pieces
 18182 | D:1      | Bought a potion of curing for 54 gold pieces
 18474 | D:13     | Noticed a centaur warrior
 18484 | D:13     | Killed a centaur warrior
 18543 | D:13     | Noticed a centaur warrior
 18559 | D:13     | Killed a centaur warrior
 18575 | D:13     | Identified the ring of Kuisumib {rF+ Str+3 Int+6}
 18576 | D:13     | Reached skill level 5 in Dodging
 18585 | D:13     | Noticed a green very ugly thing
 18684 | D:12     | Killed a green very ugly thing
 18815 | D:13     | Noticed a two-headed ogre
 18825 | D:13     | Killed a two-headed ogre
 18900 | D:13     | Reached skill level 1 in Invocations
 19007 | D:13     | Identified the ring "Vawus" {Fly Dex+4}
 19016 | D:13     | Noticed a two-headed ogre
 19024 | D:13     | Killed a two-headed ogre
 19025 | D:13     | Reached skill level 1 in Evocations
 19026 | D:13     | Identified the ring "Waemer" {*Corrode +Blink rN+ Will+
                  | Int+3}
 19135 | D:13     | Identified the ring "Vehe" {rF+ rN+ Will++ Str+4 Int-4}
 19135 | D:13     | Noticed an ogre mage
 19149 | D:13     | Killed an ogre mage
 19384 | D:14     | Reached skill level 16 in Armour
 19394 | D:14     | Noticed a death knight
 19430 | D:13     | Slain by a death knight

Illustrated notes

Levels and vault maps discovered:
D:1:      erik_arrival_orb_chamber, layout_basic, serial_shops, shop
D:2:      kb_forest_paths, layout_rooms, serial_rivers,
          chequers_serial_rivers_micro_a, chequers_serial_rivers_micro_c,
          chequers_serial_rivers_marsh, chequers_serial_rivers_large_a,
          chequers_serial_rivers_micro_a, serial_bayou_lagoon_a,
          uniq_crazy_yiuf_cottage
D:3:      minmay_goblin_kobold_castle, layout_rooms,
          nicolae_overflow_quartered_altars, nicolae_ru_the_path_less_chosen,
          nicolae_ecumenical_snake_handling, gammafunk_ghost_gnarly_gnolls
D:4:      layout_rooms, mainiacjoe_overflow_alcove_1
D:5:      kennysheep_slugbush, layout_loops_corners, gup_sewer_entry_glass,
          cheibrodos_gnoll_hut
D:6:      layout_basic, minmay_temple_entry_mist, gammafunk_ghost_hive,
          minmay_shop_damaged
D:7:      layout_basic, overflow_temple_1_default, minmay_puff
D:8:      layout_layer_cave, kennysheep_generic_room_9, uniq_psyche, uniq_pikel,
          uniq_erica
D:9:      layout_gridville
D:10:     layout_roguey [special_room_orc], zin_purify,
          grunt_dithmenos_smoke_and_mirrors, minmay_orc_entry_temple_small,
          gammafunk_ghost_ooze, serial_shops, shop,
          nicolae_shop_i_like_big_books, chequers_decorated_corner
D:11:     layout_basic, david_lair_shrubbed, nzn_ghost_randoct,
          minmay_nine_imps, uniq_josephine
D:12:     layout_basic, uniq_kirke, uniq_jorgrun
D:13:     minmay_the_grid_triangle_9x9_recursive_2_mashed
          [minmay_the_grid_triangle_9x9_prize_special,
          minmay_the_grid_triangle_9x9_shrine,
          minmay_the_grid_triangle_9x9_zippers_horizontal,
          minmay_the_grid_triangle_9x9_steps], layout_rooms, enter_trove_0
D:14:     layout_irregular_city, david_vaults_4, nicolae_tso_carved_into_rock,
          gammafunk_ghost_smash, serial_shops, nicolae_shop_hallway_stairs,
          st_stairs_1
Temple:   compressed_dpeg_triangle_lava_temple

Skill      XL: |  1  2  3  4  5  6  7  8  9 10 11 12 |
---------------+-------------------------------------+-----
Axes           | 4 5 7 8 |  8.9
Fighting       | 4 5 6 7 8 |  8.4
Armour         | 1 3 4 5 7 9 11 13 14 16 | 16.0
Dodging        | 4 5 |  5.0
Long Blades    | 1 3 4 5 8 12 14 | 14.3
Throwing       | 1 |  1.3
Maces & Flails | 5 7 9 11 | 11.3
Stealth        | 2 3 |  3.0
Invocations    | 1 |  1.3
Evocations     | 1 |  1.1

Action                   |  1- 3 |  4- 6 |  7- 9 | 10-12 || total
-------------------------+-------+-------+-------+-------++-------
Melee: Hand axe          |    73 |   201 |   197 |       ||   471
       Headbutt          |    11 |    28 |    48 |    93 ||   180
       Punch             |       |     2 |     3 |     4 ||     9
       Morningstar       |       |       |    51 |       ||    51
       Scimitar          |       |       |       |   346 ||   346
       Unarmed           |       |       |       |     1 ||     1
Throw: Stone             |     1 |    16 |       |       ||    17
       Dart              |       |     4 |     1 |    12 ||    17
       Javelin           |       |       |       |     2 ||     2
Invok: Ancestor Life: Ba |       |       |     1 |       ||     1
       Recall Ancestor   |       |       |       |     4 ||     4
       Idealise          |       |       |       |     3 ||     3
Evoke: Wand              |       |       |       |    11 ||    11
       Lightning rod     |       |       |       |     1 ||     1
  Use: Scroll            |     5 |     4 |     6 |    12 ||    27
       Potion            |       |     3 |     1 |    11 ||    15
 Stab: Distracted        |       |       |     2 |     4 ||     6
Armor: Chain mail        |    39 |   154 |   154 |       ||   347
       Plate armour      |       |       |    20 |   230 ||   250
Dodge: Dodged            |    47 |    91 |   151 |   259 ||   548
